 Dungeon Crawl Stone Soup version 0.30-a0-54-g2e61a25929 (webtiles) character file.

Game seed: 976904408289130953

2206 LnG the Cleaver (level 9, -4/78 HPs)
             Began as a Hill Orc Fighter on Sept 7, 2022.
             Was a Priest of Uskayaw.
             Killed from afar by Maggie (26 damage)
             ... with a bolt of fire
             ... on level 7 of the Dungeon.
             The game lasted 00:19:18 (9123 turns).

LnG the Cleaver (Hill Orc Fighter)                  Turns: 9123, Time: 00:19:19

Health: -4/78      AC: 10    Str: 23    XL:     9   Next: 34%
Magic:  9/9        EV: 10    Int:  8    God:    Uskayaw [***...]
Gold:   387        SH:  5    Dex: 16    Spells: 8/8 levels left

rFire   . . .      SeeInvis .    C - +1 war axe (venom)
rCold   . . .      Faith    .    c - +0 buckler
rNeg    . . .      Spirit   .    b - +0 scale mail
rPois   .          Reflect  .    (no helmet)
rElec   .          Harm     .    w - +0 cloak
rCorr   .          Rampage  .    (no gloves)
Will    .....                    I - +0 pair of boots
Stlth   ..........               (no amulet)
HPRegen 0.23/turn                y - +6 ring of dexterity
MPRegen 0.11/turn                (no ring)

@: mighty, mesmerised
A: no striking features
a: Renounce Religion, Stomp, Line Pass


You were on level 7 of the Dungeon.
You worshipped Uskayaw.
Uskayaw was noncommittal.
You visited 2 branches of the dungeon, and saw 8 of its levels.
You also visited: Ossuary.

You collected 387 gold pieces.

Inventory:

Hand Weapons
 a - a +0 war axe
 C - a +1 war axe of venom (weapon)
Armour
 b - a +0 scale mail (worn)
 c - a +0 buckler (worn)
 w - a +0 cloak (worn)
 I - a +0 pair of boots (worn)
Jewellery
 y - a +6 ring of dexterity (left hand)
 B - a ring of poison resistance
Wands
 x - a wand of digging (9)
 z - a wand of quicksilver (6)
Scrolls
 e - 6 scrolls of teleportation
 g - 3 scrolls of poison
 j - 2 scrolls of enchant armour {unknown}
 m - 3 scrolls of vulnerability
 n - 3 scrolls of amnesia {unknown}
 p - 4 scrolls of identify {unknown}
 q - a scroll of fear {unknown}
 r - 3 scrolls of magic mapping
 s - 9 scrolls of noise
 t - a scroll of blinking {unknown}
 v - 3 scrolls of immolation
 D - a scroll of butterflies {unknown}
 E - a scroll of torment {unknown}
Potions
 d - a potion of might
 f - 4 potions of attraction {unknown}
 h - a potion of brilliance {unknown}
 i - 3 potions of curing {unknown}
 k - 2 potions of lignification {unknown}
 l - 5 potions of haste {unknown}
 o - a potion of berserk rage {unknown}
 u - a potion of magic {unknown}
 A - a potion of flight {unknown}
 F - 2 potions of heal wounds {unknown}
 G - a potion of cancellation {unknown}
 H - a potion of invisibility {unknown}


   Skills:
 + Level 6.7 Fighting
 + Level 11.3 Axes
 + Level 7.1 Armour
 + Level 1.8 Dodging
 + Level 0.6 Stealth
 + Level 5.0 Shields


You had 8 spell levels left.
You didn't know any spells.
Your spell library contained the following spells:

 Spells                   Type           Power      Damage    Failure   Level
 Sandblast                Erth           0%         2d4       78%         1
 Blink                    Tloc           0%         N/A       89%         2
 Passwall                 Tmut/Erth      0%         N/A       89%         2
 Gell's Gravitas          Tloc           0%         N/A       98%         3
 Lesser Beckoning         Tloc           0%         N/A       98%         3
 Stone Arrow              Conj/Erth      0%         3d7       98%         3
 Teleport Other           Tloc           0%         N/A       98%         3
 Manifold Assault         Tloc           0%         N/A       100%        5
 Summon Forest            Summ/Tloc      0%         N/A       100%        5
 Eringya's Noxious Bog    Tmut/Pois      0%         N/A       100%        6
 Summon Hydra             Summ           0%         N/A       100%        7


Dungeon Overview and Level Annotations

Branches:
Dungeon (7/15)             Temple (1/1) D:6         Ossuary (visited)

Altars:
Ashenzari
Cheibriados
Dithmenos
Elyvilon
Fedhas
Gozag
Kikubaaqudgha
Makhleb
Nemelex Xobeh
Okawaru
Qazlal
Ru
Sif Muna
Trog
Uskayaw
Vehumet
Wu Jian
Xom
Yredelemnul
Zin
The Shining One

Annotations:
D:7 Maggie


Message History

The centaur shoots an arrow.
The arrow barely misses you.
Maggie the Vainglorious comes into view.
She is wielding a +0 broad axe.
Found a stone staircase leading down.
The centaur shoots an arrow.
The arrow hits you.
The centaur unwields a +0 shortbow.
The centaur hits you.
The centaur kicks you but does no damage.
The centaur hits you.
The centaur kicks you but does no damage.
You slash the centaur!
The centaur looks as sick as possible!
The centaur is severely wounded.
You block the centaur's attack.
The centaur kicks you but does no damage.
Maggie casts a spell.
Maggie attempts to bespell you!
You are mesmerised by Maggie!
You slice the centaur!!
You kill the centaur!
You can now pass through a line of other dancers.
Maggie casts a spell at you. The bolt of fire hits you!!
You are too injured to fight recklessly!
Maggie hits you with a +0 broad axe!
You hit Maggie.
Maggie is poisoned.
Maggie is lightly wounded.
Maggie casts a spell.
Maggie draws you further into her thrall.
You slice Maggie!!
Maggie looks as sick as possible!
Maggie is moderately wounded.
Maggie gestures wildly while chanting.
Maggie draws you further into her thrall.
You slash Maggie!
Maggie is severely wounded.
Maggie hits you with a +0 broad axe.
* * * LOW HITPOINT WARNING * * *
Uskayaw will force your foes to helplessly watch your dance.
You slash Maggie!
Maggie is almost dead.
Maggie points at you and mumbles some strange words.
The bolt of fire hits you!!
You die...

#.......# #. #.......#
#. ##########.# ..#.# #.
#.........$# #.#.# #.
#..>....#..###.#.######.
#.......#...............
..........####..........
#.....).#.####..........
#......@.........######)
#.......@...##...# #.
##.#..###.#.##.### #. #
#.. ..#.##.# #. ##.
.......# #. #. ....###
#. ..# #. .# ## [


You could see Maggie (mesmerising, extremely poisoned).

Vanquished Creatures
  Duvessa (D:7)
  An orc warrior (D:7)
  2 black bears
  2 centaurs (D:7)
  An ogre (D:6)
  2 sky beasts
  2 phantoms
  A bullfrog (D:5)
  3 wights (D:7)
  6 scorpions
  Dowan (D:7)
  A human zombie (Ossuary)
  A centaur zombie (Ossuary)
  2 jellies
  4 orc priests
  A gnoll bouda (D:3)
  A hound (D:6)
  2 iguanas
  2 orc wizards
  2 mummies (Ossuary)
  2 adders
  5 gnolls
  2 shadow imps (D:5)
  A white imp (D:4)
  An ufetubus (D:3)
  A worm (D:2)
  A dart slug (D:4)
  25 orcs
  8 ball pythons
  4 endoplasms
  5 giant cockroaches
  2 gnoll zombies (Ossuary)
  10 goblins
  4 hobgoblins
  4 jackals (D:1)
  4 quokkas
  4 bats
  4 frilled lizards
  A goblin zombie (Ossuary)
  2 hobgoblin zombies (Ossuary)
  7 kobolds
  A kobold zombie (Ossuary)
  7 rats
  A bush (D:1)
144 creatures vanquished.

Vanquished Creatures (others)
  10 plants (D:1)
10 creatures vanquished.

Grand Total: 154 creatures vanquished

Notes
Turn   | Place    | Note
-------+----------+-------------------------------------------
     0 | D:1      | LnG the Hill Orc Fighter began the quest for the Orb.
     0 | D:1      | Reached XP level 1. HP: 19/19 MP: 1/1
    24 | D:1      | Reached XP level 2. HP: 21/27 MP: 2/2
   135 | D:1      | Reached skill level 3 in Axes
   440 | D:1      | Reached XP level 3. HP: 33/33 MP: 3/3
  1889 | D:2      | Found a faded altar of an unknown god.
  2391 | D:3      | Reached skill level 4 in Axes
  2391 | D:3      | Reached XP level 4. HP: 40/40 MP: 4/4
  2675 | D:3      | Found a sparkling altar of Nemelex Xobeh.
  2936 | D:3      | Noticed a scorpion
  2965 | D:3      | Killed a scorpion
  2966 | D:3      | Reached XP level 5. HP: 46/46 MP: 5/5
  3032 | D:3      | Found a white marble altar of Elyvilon.
  3213 | D:3      | Found a shadowy altar of Dithmenos.
  3512 | D:4      | Reached skill level 5 in Axes
  3929 | D:3      | Reached XP level 6. HP: 46/53 MP: 6/6
  4604 | D:5      | Entered Level 5 of the Dungeon
  4613 | D:5      | Reached skill level 6 in Axes
  4613 | D:5      | Reached skill level 1 in Dodging
  4650 | D:5      | Noticed a black bear
  4665 | D:4      | Reached skill level 5 in Fighting
  4670 | D:4      | Reached XP level 7. HP: 17/61 MP: 7/7
  4902 | D:5      | Reached skill level 7 in Axes
  5069 | D:5      | Reached skill level 5 in Armour
  5411 | D:5      | Found a broken altar of Ashenzari.
  5411 | D:5      | Found a snail-covered altar of Cheibriados.
  5411 | D:5      | Found an ornate altar of the Wu Jian Council.
  5673 | D:5      | Reached skill level 8 in Axes
  5673 | D:5      | Reached XP level 8. HP: 69/70 MP: 8/8
  5944 | D:6      | Found a staircase to the Ecumenical Temple.
  6124 | Temple   | Entered the Ecumenical Temple
  6227 | Temple   | Became a worshipper of Uskayaw the Reveller
  6454 | D:5      | Reached * piety under Uskayaw
  6645 | D:5      | Reached ** piety under Uskayaw
  7079 | D:6      | Reached skill level 9 in Axes
  8046 | D:7      | Found a sand-covered staircase.
  8055 | Ossuary  | Entered an ossuary
  8400 | D:7      | Reached skill level 10 in Axes
  8403 | D:7      | Reached *** piety under Uskayaw
  8404 | D:7      | Reached XP level 9. HP: 34/77 MP: 9/9
  8407 | D:7      | Reached **** piety under Uskayaw
  8415 | D:7      | Reached ***** piety under Uskayaw
  8819 | D:7      | Reached skill level 11 in Axes
  9073 | D:7      | Noticed Duvessa
  9073 | D:7      | Noticed Dowan
  9078 | D:7      | Killed Duvessa
  9082 | D:7      | Killed Dowan
  9083 | D:7      | Reached skill level 5 in Shields
  9113 | D:7      | Noticed Maggie
  9123 | D:7      | Killed from afar by Maggie

Illustrated notes

Levels and vault maps discovered:
D:1:      psy_arrival_dodecagon, layout_basic, nrook_mini_vaults,
          chequers_garden, lexackson_kobold_supper
D:2:      layout_basic, shapermc_ecumenical_altar_mp_ritualfount
D:3:      layout_loops_ring, lemuel_tele_altar,
          mainiacjoe_overflow_surrounded_room,
          mainiacjoe_overflow_concentric_impassable
D:4:      layout_rooms
D:5:      layout_rooms, chequers_temple_overflow_statue_of_worship
D:6:      nicolae_cairo_tiling_large_dashed, layout_loops_ring,
          minmay_temple_entry_junction
D:7:      layout_loops_cross, lightli_ossuary_entry_decrepit_ruins,
          uniq_duvessa, uniq_maggie
Temple:   regret_index_temple_generic_petals

Skill      XL: |  1  2  3  4  5  6  7  8  9 |
---------------+----------------------------+-----
Axes           | 3 4 5 6 8 10 11 | 11.3
Fighting       | 4 5 6 |  6.7
Armour         | 4 5 6 7 |  7.1
Shields        | 4 5 |  5.0
Dodging        | 1 |  1.8
Stealth        | |  0.6

Action                   |  1- 3 |  4- 6 |  7- 9 || total
-------------------------+-------+-------+-------++-------
Melee: War axe           |   154 |   131 |   234 ||   519
  Use: Scroll            |       |       |     4 ||     4
       Potion            |       |       |     2 ||     2
 Stab: Paralysed         |       |       |     2 ||     2
Armor: Scale mail        |    59 |    58 |    98 ||   215
Dodge: Dodged            |    54 |    57 |   104 ||   215
Block: Buckler           |    18 |    32 |    48 ||    98

Table legend: (Time is in decaauts)
 A = Elapsed time spent in this place.
 B = Non-inter-level travel time spent in this place.
 C = Inter-level travel time spent in this place.
 D = Time resting spent in this place.
 E = Time spent auto-exploring this place.
 F = Levels seen in this place.
 G = Mean time per level.
                   A        B        C        D        E       F      G
               +--------+--------+--------+--------+--------+-----+--------+
         Total |   9258 |   8979 |    279 |   3356 |   3538 |   9 | 1028.7 |
       Dungeon |   8739 |   8483 |    256 |   3343 |   3349 |   7 | 1248.4 |
        Temple |    238 |    215 |     23 |      0 |    189 |   1 |  238.0 |
       Ossuary |    280 |    280 |      0 |     13 |      0 |   1 |  280.0 |
               +--------+--------+--------+--------+--------+-----+--------+

Top non-repeatable levels by time:
     D:3: 1720 daAuts
     D:6: 1638 daAuts
     D:1: 1457 daAuts
     D:5: 1257 daAuts
     D:4: 1099 daAuts
     D:2: 974 daAuts
     D:7: 591 daAuts
 Ossuary: 280 daAuts
  Temple: 238 daAuts
